 Dungeon Crawl Stone Soup version 0.24-a0-335-g06ca16a (webtiles) character file.

Game seed: 7335671241520599657

205 Aethirshero the Skirmisher (level 5, -5/43 (45) HPs)
             Began as a Ghoul Warper on May 20, 2019.
             Was an Initiate of Kikubaaqudgha.
             Slain by a slave (7 damage)
             ... led by Pikel
             ... on level 4 of the Dungeon.
             The game lasted 00:17:40 (2354 turns).

Aethirshero the Skirmisher (Ghoul Warper)           Turns: 2354, Time: 00:17:40

HP:   -5/43 (45)    AC:  6    Str: 15    XL:     5   Next: 83%
MP:   1/7           EV: 12    Int:  8    God:    Kikubaaqudgha [......]
Gold: 193           SH:  0    Dex:  9    Spells: 3/8 levels left

rFire    + . .     SeeInvis .     - Unarmed
rCold    + . .     Gourm    .   (no shield)
rNeg     + + +     Faith    .   a - +0 leather armour
rPois    ∞         Spirit   .   o - +2 hat
rElec    .         Reflect  .   (no cloak)
rCorr    .         Harm     .   (no gloves)
MR       .....                  b - +0 pair of boots
Stlth    +.........             (no amulet)
HPRegen  0.00/turn              q - ring of fire
MPRegen  0.10/turn              r - ring of protection from cold

@: rotting
A: rotting body, claws 1, carnivore, cold resistance 1, negative energy
resistance 3, inhibited regeneration, torment resistance, unbreathing
a: Renounce Religion


You were on level 4 of the Dungeon.
You worshipped Kikubaaqudgha.
Kikubaaqudgha was noncommittal.
You were not hungry.

You visited 1 branch of the dungeon, and saw 4 of its levels.

You collected 193 gold pieces.

Inventory:

Hand Weapons
 i - a +0 hunting sling
Missiles
 d - 3 boomerangs of dispersal (quivered)
 j - 105 stones
Armour
 a - a +0 leather armour (worn)
 b - a +0 pair of boots (worn)
 o - a +2 hat (worn)
Jewellery
 q - a ring of fire (left claw)
 r - a ring of protection from cold (right claw)
 t - an uncursed ring of ice {unknown}
 v - the ring of the Gloaming {rF- rN+ rCorr Str+5 Dex+5, unknown}
   (You found it on level 4 of the Dungeon)

   [ring of resist corrosion]

   It affects your strength (+5).
   It affects your dexterity (+5).
   It makes you vulnerable to fire.
   It protects you from negative energy.
   It provides partial protection from all sources of acid and corrosion.
Wands
 w - a wand of paralysis (11)
Scrolls
 c - a scroll of blinking
 g - a scroll of remove curse {unknown}
 h - 5 scrolls of identify {unknown}
 l - 3 scrolls of teleportation {unknown}
 s - a scroll of fog {unknown}
 u - a scroll of magic mapping {unknown}
 x - a scroll of enchant weapon {unknown}
Potions
 e - 2 potions of curing {unknown}
 k - 2 potions of resistance {unknown}
 m - 3 potions of degeneration {unknown}
 n - 2 potions of brilliance {unknown}
 p - 2 potions of haste {unknown}
Comestibles
 f - 4 rations


   Skills:
 * Level 3.5 Fighting
 + Level 1.1(1.2) Slings
 - Level 0.8(1.1) Throwing
 + Level 1.8 Armour
 + Level 2.4 Dodging
 + Level 1.8 Stealth
 * Level 3.5 Unarmed Combat
 - Level 2.1 Spellcasting
 + Level 0.5 Necromancy
 + Level 2.8 Translocations


You had 3 spell levels left.
You knew the following spells:

 Your Spells              Type           Power        Failure   Level  Hunger
a - Blink                 Tloc           N/A          21%         2    ###....
b - Teleport Other        Tloc           #.......     38%         3    ####...

Your spell library contained the following spells:

 Spells                   Type           Power        Failure   Level  Hunger
 Shroud of Golubria       Chrm/Tloc      #.........   36%         2    ###....
 Gell's Gravitas          Tloc           #.........   38%         3    ####...
 Lesser Beckoning         Tloc           #.........   38%         3    ####...
 Passage of Golubria      Tloc           N/A          80%         4    #####..


Dungeon Overview and Level Annotations

Branches:
Dungeon (4/15)
 Temple: D:4-7

Altars:
Cheibriados
Elyvilon
Hepliaklqana
Kikubaaqudgha
Nemelex Xobeh
Ru
Xom
Zin

Annotations:
D:2 Sigmund
D:4 Dowan, Duvessa, Pikel


Innate Abilities, Weirdness & Mutations

Your body is rotting away.
You thrive on raw meat.
You are immune to poison.
You have sharp fingernails.
You are carnivorous and can eat meat at any time.
Your flesh is cold resistant. (rC+)
You are immune to negative energy. (rN+++)
You do not regenerate when monsters are visible.
You are immune to unholy pain and torment.
You can survive without breathing.


Message History

You don't have enough magic to cast that spell.
Dowan shouts!
Okay, then.
Throwing (i - inventory. (/) - cycle)
d - 5 boomerangs of dispersal (quivered)
Press: ? - help, Shift-Dir - straight line, f - Pikel
Aim: Pikel, wielding a +1 whip of freezing and wearing a +0 robe (heavily wounded)
You throw a boomerang of dispersal.
The boomerang of dispersal hits Pikel but does no damage.
Pikel is heavily wounded.
The slave hits you but does no damage.
Duvessa says, "My weaknesses are his strengths!"
Throwing (i - inventory. (/) - cycle)
d - 4 boomerangs of dispersal (quivered)
Press: ? - help, Shift-Dir - straight line, f/p - Pikel
Aim: Pikel, wielding a +1 whip of freezing and wearing a +0 robe (heavily wounded)
You throw a boomerang of dispersal.
The boomerang of dispersal closely misses Pikel.
The boomerang of dispersal barely misses the slave.
The slave hits you!
You die...
Kikubaaqudgha rasps: "You have failed me!
Welcome... oblivion!"

............>...............#.#
............................#.##
............................#...
............................)###
..................####.......#
..................# #.......###
..............ep..# #..#.#.....
............e..Kp.####..........
###..#.#####.#.@p.........#####^
#.##########..<....#. #
.......§##..... ######)......##
##p####### #.p.pp... #.##pw###
....#.p... #.##.##.####


You could see Pikel, Duvessa, 3 slaves and Dowan.

Vanquished Creatures
  A water moccasin skeleton (D:4)
  A hound (D:4)
  6 adders
  An ooze (D:1)
  2 worms (D:3)
  A dart slug (D:1)
  A leopard gecko (D:3)
  2 orcs (D:3)
  9 bats
  3 giant cockroaches
  5 goblins
  10 hobgoblins
  6 kobolds
  2 quokkas
  A ball python (D:2)
  4 frilled lizards
  8 rats
63 creatures vanquished.

Notes
Turn   | Place    | Note
-------+----------+-------------------------------------------
     0 | D:1      | Aethirshero the Ghoul Warper began the quest for the Orb.
     0 | D:1      | Reached XP level 1. HP: 17/17 MP: 2/2
    81 | D:1      | Reached skill level 1 in Armour
   228 | D:1      | Reached XP level 2. HP: 23/23 MP: 3/3
   663 | D:1      | Reached XP level 3. HP: 30/30 MP: 4/4
   863 | D:2      | Learned a level 2 spell: Blink
   867 | D:2      | Learned a level 3 spell: Teleport Other
   953 | D:2      | Reached skill level 1 in Stealth
   953 | D:2      | Reached XP level 4. HP: 34/38 MP: 6/6
  1140 | D:2      | Noticed Sigmund
  1380 | D:3      | Found an ancient bone altar of Kikubaaqudgha.
  1388 | D:3      | Became a worshipper of Kikubaaqudgha
  1681 | D:3      | Reached XP level 5. HP: 44/45 MP: 7/7
  1746 | D:3      | Found a glowing silver altar of Zin.
  1746 | D:3      | Found a faded altar of an unknown god.
  1752 | D:3      | Found a snail-covered altar of Cheibriados.
  1754 | D:3      | Found a faded altar of an unknown god.
  1755 | D:3      | Found a sacrificial altar of Ru.
  1829 | D:3      | Found a hazy altar of Hepliaklqana.
  1829 | D:3      | Found a white marble altar of Elyvilon.
  2084 | D:4      | Reached skill level 1 in Slings
  2148 | D:4      | Got a steaming marble ring
  2288 | D:3      | Found a sparkling altar of Nemelex Xobeh.
  2288 | D:3      | Found a shimmering altar of Xom.
  2307 | D:4      | Noticed Pikel
  2307 | D:4      | Noticed a slave
  2307 | D:4      | Noticed a slave
  2307 | D:4      | Noticed a slave
  2307 | D:4      | Noticed a slave
  2336 | D:4      | HP: 2/43 [worm (2)]
  2346 | D:4      | Noticed Duvessa
  2351 | D:4      | Noticed Dowan
  2354 | D:4      | Slain by a slave

Levels and vault maps discovered:
D:1:      minmay_arrival_nine_rooms, layout_rooms
D:2:      layout_rooms, first_ration, uniq_jessica, uniq_sigmund
D:3:      layout_basic, nicolae_overflow_hidden_temple,
          chequers_temple_overflow_minitemple, lemuel_coloured_pillars_altar
D:4:      layout_basic, old_standard_altar, eino_small_chamber_without_monster,
          uniq_duvessa, uniq_pikel

Skill      XL: |  1  2  3  4  5 |
---------------+----------------+-----
Armour         | 1 |  1.8
Spellcasting   | 2 |  2.1
Dodging        | 2 |  2.4
Fighting       | 3 |  3.5
Stealth        | 1 |  1.8
Unarmed Combat | 3 |  3.5
Slings         | 1 |  1.1
Throwing       | |  0.8
Necromancy     | |  0.5
Translocations | |  2.8

Action                   |  1- 3 |  4- 6 || total
-------------------------+-------+-------++-------
Melee: Unarmed           |    97 |   190 ||   287
       Punch             |     1 |     2 ||     3
 Fire: Hunting sling     |    22 |    21 ||    43
Throw: Boomerang         |       |     2 ||     2
 Cast: Blink             |       |     8 ||     8
 Stab: Sleeping          |       |     1 ||     1
  Eat: Chunk             |     9 |    17 ||    26
Armor: Leather armour    |    57 |    66 ||   123
Dodge: Dodged            |    72 |    99 ||   171

Table legend:
 A = Non-vault XP
 B = Vault XP
 C = Vault XP percentage of total XP
 D = Non-vault monster count
 E = Vault monster count
 F = Vault count percentage of total count
                 A         B        C        D         E       F
            +---------+---------+-------+---------+---------+-------
      Total |     293 |       0 |   0.0 |      63 |       0 |   0.0
            +---------+---------+-------+---------+---------+-------
        D:1 |      37 |       0 |   0.0 |      18 |       0 |   0.0
        D:2 |      75 |       0 |   0.0 |      19 |       0 |   0.0
        D:3 |      59 |       0 |   0.0 |      21 |       0 |   0.0
        D:4 |     122 |       0 |   0.0 |       5 |       0 |   0.0
            +---------+---------+-------+---------+---------+-------
